 Dungeon Crawl Stone Soup version 0.29-a0-613-gf2c431b9b9 (webtiles) character file.

Game seed: 8668270795164334844

14 moldycheese5 the Skirmisher (level 2, -2/24 HPs)
             Began as a Demonspawn Abyssal Knight on June 16, 2022.
             Was a Follower of Lugonu.
             Slain by Terence
             ... wielding a +0 mace
              (7 damage)
             ... on level 2 of the Dungeon.
             The game lasted 00:02:03 (946 turns).

moldycheese5 the Skirmisher (DsAK)                   Turns: 946, Time: 00:02:03

Health: -2/24      AC:  6    Str: 13    XL:     2   Next: 27%
Magic:  3/3        EV: 10    Int: 11    God:    Lugonu [*.....]
Gold:   66         SH:  0    Dex: 13    Spells: 1/1 levels left

rFire   . . .      SeeInvis .   (no weapon)
rCold   . . .      Faith    .   (no shield)
rNeg    . . .      Spirit   .   e - +0 ring mail
rPois   .          Reflect  .   (no helmet)
rElec   .          Harm     .   h - +0 cloak
rCorr   .          Rampage  .   (no gloves)
Will    .....                   (no boots)
Stlth   +.........              (no amulet)
HPRegen 0.08/turn               (no ring)
MPRegen 0.08/turn               (no ring)

@: no status effects
A: claws 1
a: Renounce Religion, Depart the Abyss


You were on level 2 of the Dungeon.
You worshipped Lugonu.
Lugonu was aware of your devotion.
You visited 1 branch of the dungeon, and saw 2 of its levels.
You visited the Abyss 1 time.

You collected 66 gold pieces.

Inventory:

Hand Weapons
 a - a +1 falchion
Armour
 b - a +0 leather armour
 e - a +0 ring mail (worn)
 h - a +0 cloak (worn)
Scrolls
 f - 3 scrolls of blinking {unknown}
 i - a scroll of silence {unknown}
 j - a scroll of fog {unknown}
Potions
 c - a potion of degeneration {unknown}
 d - 2 potions of curing {unknown}
 g - 2 potions of mutation {unknown}


   Skills:
 + Level 3.2 Fighting
 + Level 2.2 Long Blades
 + Level 1.9 Armour
 + Level 1.0 Dodging
 + Level 2.4 Invocations


You had one spell level left.
You didn't know any spells.
Your spell library was empty.

Dungeon Overview and Level Annotations

Branches:
Dungeon (2/15)

Altars:

Shops:
D:2 [

Annotations:
D:2 Terence


Innate Abilities, Weirdness & Mutations

You have sharp fingernails.


Message History

You scratch the rat.
You kill the rat!
Lugonu accepts your kill.
Found Qanui's Armour Shop.
A hobgoblin comes into view.
The hobgoblin shouts!
You scratch Terence.
Terence is lightly wounded.
Terence closely misses you.
You barely miss Terence.
Terence is lightly wounded.
Terence hits you with a +0 mace.
You scratch Terence but do no damage.
Terence is lightly wounded.
The goblin hits you with a +0 club. Terence hits you with a +0 mace.
You closely miss Terence.
Terence is lightly wounded.
The goblin hits you but does no damage. Terence completely misses you.
You scratch Terence but do no damage.
Terence is lightly wounded.
The goblin hits you with a +0 club. Terence hits you with a +0 mace.
You scratch Terence.
Terence is lightly wounded.
The goblin barely misses you. Terence says, "Did you write a will?
You should..."
Terence hits you with a +0 mace.
You are too injured to fight recklessly!
You are too injured to fight recklessly!
You are too injured to fight recklessly!
The goblin attacks as you move away! The goblin barely misses you.
You scratch the goblin.
The goblin is heavily wounded.
The goblin hits you but does no damage. Terence hits you with a +0 mace.
* * * LOW HITPOINT WARNING * * *
You barely miss the goblin.
The goblin is heavily wounded.
The goblin hits you but does no damage.
Terence says, "Don't bother to defend, it's useless."
Terence hits you with a +0 mace!
You die...

#### ... ..
#.### #...
#..### ##.g@.#
#..@.†#
#.....#g.......
..........#.###
....##....#.#
.... ##.... #
... #..... ..
#......
#....∩..


You could see Terence, a hobgoblin and a goblin.

Vanquished Creatures
  A dart slug (D:1)
  A bat (D:1)
  A goblin (D:1)
  A hobgoblin (D:1)
  2 kobolds (D:1)
  A quokka (D:1)
  2 frilled lizards (D:1)
  3 rats
12 creatures vanquished.

Notes
Turn   | Place    | Note
-------+----------+-------------------------------------------
     0 | Abyss:1  | moldycheese5 the Demonspawn Abyssal Knight began the quest
                  | for the Orb.
     0 | Abyss:1  | Reached XP level 1. HP: 18/18 MP: 2/2
     0 | D:1      | Escaped the Abyss
    17 | D:1      | Found a faded altar of an unknown god.
    88 | D:1      | Reached skill level 1 in Dodging
   287 | D:1      | Gained mutation: You have sharp fingernails. [demonic
                  | ancestry]
   287 | D:1      | Reached XP level 2. HP: 17/24 MP: 3/3
   934 | D:2      | Noticed Terence
   937 | D:2      | Found Qanui's Armour Shop.
   946 | D:2      | Slain by Terence

Illustrated notes

Levels and vault maps discovered:
D:1:      dpeg_arrival_orchard, layout_loops_ring,
          hellmonk_ecumenical_altar_run_dry
D:2:      layout_rooms, serial_shops, shop, shop, shop, grunt_ministairs_5,
          grunt_decor_cap, st_stairs_3, uniq_terence

Skill      XL: |  1 |
---------------+----+-----
Long Blades    | 2 |  2.2
Dodging        | 1 |  1.0
Fighting       | |  3.2
Armour         | |  1.9
Invocations    | |  2.4

Action                   || total
-------------------------++-------
Melee: Falchion          ||    21
       Unarmed           ||    21
Invok: Depart the Abyss  ||     1
Armor: Leather armour    ||     4
       Ring mail         ||     7
Dodge: Dodged            ||    23

Table legend: (Time is in decaauts)
 A = Elapsed time spent in this place.
 B = Non-inter-level travel time spent in this place.
 C = Inter-level travel time spent in this place.
 D = Time resting spent in this place.
 E = Time spent auto-exploring this place.
 F = Levels seen in this place.
 G = Mean time per level.
                   A        B        C        D        E       F      G
               +--------+--------+--------+--------+--------+-----+--------+
         Total |    949 |    916 |     33 |      0 |    791 |   3 |  316.3 |
       Dungeon |    949 |    916 |     33 |      0 |    791 |   2 |  474.5 |
         Abyss |      0 |      0 |      0 |      0 |      0 |   1 |    0.0 |
               +--------+--------+--------+--------+--------+-----+--------+

Top non-repeatable levels by time:
     D:1: 937 daAuts
     D:2: 11 daAuts
